 Dungeon Sprint DCSS version 0.30-a0-748-ge6a52f7cba (webtiles) character file.

Game seed: 406810555873186999

654 retardedninja the Cleaver (level 7, -2/70 HPs)
             Began as a Hill Orc Fighter on Feb 8, 2023.
             Was an Initiate of Jiyva.
             Slain by a two-headed ogre
             ... wielding a +0 giant spiked club
              (6 damage)
             ... in the Dungeon (Sprint IX: "|||||||||||||||||||||||||||||").
             The game lasted 00:01:16 (148 turns).

retardedninja the Cleaver (Hill Orc Fighter)         Turns: 148, Time: 00:01:17

Health: -2/70      AC: 14    Str: 27    XL:     7   Next: 54%
Magic:  7/7        EV:  8    Int:  8    God:    Jiyva [......]
Gold:   0          SH:  5    Dex: 10    Spells: 6/6 levels left

rFire   . . .      SeeInvis .    a - +0 war axe
rCold   . . .      Faith    .    c - +0 buckler
rNeg    . . .      Spirit   .    r - +1 chain mail
rPois   .          Reflect  .    (no helmet)
rElec   .          Harm     .    (no cloak)
rCorr   .          Rampage  .    n - +0 pair of gloves
Will    .....      NoTele   +    o - +0 pair of boots Stlth
                                 (no amulet)
HPRegen 0.31/turn                q - +3 ring of strength
MPRegen 0.10/turn                p - +3 ring of strength

@: on berserk cooldown, slowed, invisible, very slow
A: no striking features
a: Renounce Religion


You were in the Dungeon.
You worshipped Jiyva.
Jiyva was noncommittal.
You visited 1 branch

Inventory:

Hand Weapons
 a - a +0 war axe (weapon)
 m - a +3 war axe of freezing
Armour
 c - a +0 buckler (worn)
 n - a +0 pair of gloves (worn)
 o - a +0 pair of boots (worn)
 r - a +1 chain mail (worn)
Jewellery
 p - a +3 ring of strength (right hand)
 q - a +3 ring of strength (left hand)
Wands
 l - a wand of iceblast (10)
Scrolls
 j - 2 scrolls of blinking
 k - 2 scrolls of amnesia
Potions
 d - a potion of might
 e - 5 potions of curing
 g - 2 potions of heal wounds
 h - 4 potions of magic


   Skills:
 + Level 9.4 Fighting
 * Level 13.2 Axes
 + Level 8.7 Armour
 + Level 1.1 Dodging
 + Level 7.9 Shields


You had 6 spell levels left.
You didn't know any spells.
Your spell library was empty.

Dungeon Overview and Level Annotations

Branches:
Dungeon (1/1)

Altars:
Cheibriados
Dithmenos
Elyvilon
Fedhas
Gozag
Hepliaklqana
Kikubaaqudgha
Makhleb
Nemelex Xobeh
Okawaru
Qazlal
Ru
Sif Muna
Trog
Uskayaw
Vehumet
Wu Jian
Xom
Yredelemnul
Zin
The Shining One
Beogh
Jiyva
Lugonu


Message History

The orc warrior is severely wounded.
You slash the orc warrior!
You kill the orc warrior!
The centaur wields a +0 shortbow.
The centaur shoots an arrow.
You block the arrow.
Your Axes skill increases to level 12!
Your Armour skill increases to level 8!
You have reached level 7!
Unknown command.
Items here: )) [ †.
You slice the centaur!!
You kill the centaur!
You are no longer berserk.
You are exhausted.
You feel yourself slow down.
Your Fighting skill increases to level 9!
Your Dodging skill increases to level 1!
You slice the acid dragon!!
The acid dragon is severely wounded.
You block the acid dragon's attack. The acid dragon barely misses you.
You slash the acid dragon!
You kill the acid dragon!
The two-headed ogre hits you with a +0 giant spiked club!!
The two-headed ogre hits you with a +0 giant spiked club!
Your Axes skill increases to level 13!
You slice the two-headed ogre!!
The two-headed ogre is moderately wounded.
You fade into invisibility!
You block the two-headed ogre's attack. The two-headed ogre barely misses you.
You hit the two-headed ogre.
The two-headed ogre is heavily wounded.
The two-headed ogre barely misses you. x2
You slash the two-headed ogre!
The two-headed ogre is severely wounded.
The two-headed ogre barely misses you. You block the two-headed ogre's attack.
You hit the two-headed ogre.
The two-headed ogre is severely wounded.
The two-headed ogre hits you with a +0 giant spiked club!!
* * * LOW HITPOINT WARNING * * *
The two-headed ogre hits you with a +0 giant spiked club.
You die...

▓+▓
▓.▓
▓.▓
▓.▓
▓.▓
▓O▓
▓@▓
▓'▓
▓.▓
▓.▓
▓[▓
▓.▓
▓.▓
▓.▓
▓)▓


You could see a two-headed ogre (unable to see you).

Vanquished Creatures
  A yak (D)
  An acid dragon (D)
  An orc warrior (D)
  A black bear (D)
  2 centaurs (D)
  A gnoll bouda (D)
  An iguana (D)
  An orc (D)
  A goblin (D)
  2 quokkas (D)
  A bat (D)
  A frilled lizard (D)
  A rat (D)
15 creatures vanquished.

Vanquished Creatures (others)
  An ironbound thunderhulk (D)
  2 great orbs of eyes (D)
  A gargoyle (D)
  2 slime creatures (D)
6 creatures vanquished.

Grand Total: 21 creatures vanquished

Notes
Turn   | Place    | Note
-------+----------+-------------------------------------------
     0 | D        | retardedninja the Hill Orc Fighter began the quest for the
                  | Orb.
     0 | D        | Reached XP level 1. HP: 19/19 MP: 1/1
    19 | D        | Reached skill level 3 in Axes
    25 | D        | Noticed a black bear
    25 | D        | Noticed an iguana
    25 | D        | Noticed a gnoll bouda
    31 | D        | Killed a gnoll bouda
    32 | D        | Reached skill level 5 in Fighting
    32 | D        | Reached skill level 4 in Axes
    32 | D        | Reached XP level 2. HP: 29/29 MP: 2/2
    32 | D        | Reached XP level 3. HP: 36/36 MP: 3/3
    35 | D        | Reached skill level 5 in Axes
    35 | D        | Reached skill level 5 in Armour
    35 | D        | Reached XP level 4. HP: 39/44 MP: 4/4
    38 | D        | Killed a black bear
    39 | D        | Reached skill level 8 in Axes
    39 | D        | Reached XP level 5. HP: 46/51 MP: 5/5
    47 | D        | Found a roughly hewn altar of Beogh.
    47 | D        | Found a snail-covered altar of Cheibriados.
    47 | D        | Found a shadowy altar of Dithmenos.
    47 | D        | Found a white marble altar of Elyvilon.
    47 | D        | Found a blossoming altar of Fedhas.
    47 | D        | Found an opulent altar of Gozag.
    48 | D        | Found a hazy altar of Hepliaklqana.
    49 | D        | Found a viscous altar of Jiyva.
    50 | D        | Found an ancient bone altar of Kikubaaqudgha.
    51 | D        | Found a corrupted altar of Lugonu.
    56 | D        | Found a burning altar of Makhleb.
    57 | D        | Found a sparkling altar of Nemelex Xobeh.
    58 | D        | Found an iron altar of Okawaru.
    59 | D        | Found a stormy altar of Qazlal.
    60 | D        | Found a sacrificial altar of Ru.
    61 | D        | Became a worshipper of Jiyva Jeoxzimn the Shapeless
    61 | D        | Killed a gargoyle
    62 | D        | Found a shimmering blue altar of Sif Muna.
    63 | D        | Found a bloodstained altar of Trog.
    64 | D        | Found a hide-covered altar of Uskayaw.
    65 | D        | Found a radiant altar of Vehumet.
    66 | D        | Found an ornate altar of the Wu Jian Council.
    66 | D        | Killed a slime creature
    66 | D        | Killed a great orb of eyes
    67 | D        | Found a shimmering altar of Xom.
    67 | D        | Killed a slime creature
    67 | D        | Killed an ironbound thunderhulk
    68 | D        | Found a basalt altar of Yredelemnul.
    68 | D        | Banished a slime creature
    69 | D        | Found a glowing silver altar of Zin.
    70 | D        | Found a glowing golden altar of the Shining One.
    70 | D        | Killed a great orb of eyes
   125 | D        | Noticed a two-headed ogre
   125 | D        | Noticed an acid dragon
   125 | D        | Noticed a centaur
   125 | D        | Noticed an orc warrior
   125 | D        | Noticed a centaur
   125 | D        | Noticed a yak
   131 | D        | Killed a yak
   132 | D        | Reached skill level 10 in Axes
   132 | D        | Reached XP level 6. HP: 61/61 MP: 6/6
   135 | D        | Reached skill level 11 in Axes
   139 | D        | Killed an orc warrior
   140 | D        | Reached skill level 12 in Axes
   140 | D        | Reached XP level 7. HP: 69/69 MP: 7/7
   142 | D        | Reached skill level 1 in Dodging
   144 | D        | Reached skill level 13 in Axes
   148 | D        | Slain by a two-headed ogre

Illustrated notes

Levels and vault maps discovered:
D:        linesprint [early_d, line_temple, items_1, d_10, items_2, lair_1,
          lair_end, items_3, orc_1, orc_end, items_4, d_15, swamp_1, shoals_1,
          snake_1, spider_1, d_20, vaults_1, items_5, swamp_end, shoals_end,
          snake_end, spider_end, vaults_end, d_27, items_6, zot_1, zot_end,
          crypt_end, forest_end, elf_end, slime_end, tomb_end, abyss_end,
          pan_hell_end]

Skill      XL: |  1  2  3  4  5  6  7 |
---------------+----------------------+-----
Fighting       | 5 6 8 9 |  9.4
Axes           | 4 5 8 10 12 13 | 13.2
Armour         | 4 5 6 7 8 |  8.7
Shields        | 4 6 7 |  7.9
Dodging        | 1 |  1.1

Action                     |  1- 3 |  4- 6 |  7- 9 || total
---------------------------+-------+-------+-------++-------
  Melee: War axe           |    22 |    18 |     7 ||    47
    Use: Potion            |     2 |     1 |     1 ||     4
 Armour: Scale mail        |     7 |     3 |       ||    10
         Chain mail        |       |     2 |       ||     2
  Dodge: Dodged            |    12 |     2 |     5 ||    19
  Block: Buckler           |     3 |     3 |     3 ||     9

Table legend: (Time is in decaauts)
 A = Elapsed time spent in this place.
 B = Non-inter-level travel time spent in this place.
 C = Inter-level travel time spent in this place.
 D = Time resting spent in this place.
 E = Time spent auto-exploring this place.
 F = Levels seen in this place.
 G = Mean time per level.
                   A        B        C        D        E       F      G
               +--------+--------+--------+--------+--------+-----+--------+
         Total |    142 |    142 |      0 |      0 |      0 |   1 |  142.0 |
       Dungeon |    142 |    142 |      0 |      0 |      0 |   1 |  142.0 |
               +--------+--------+--------+--------+--------+-----+--------+

Top non-repeatable levels by time:
       D: 142 daAuts
